 Dungeon Crawl Stone Soup version 0.26-a0-1139-g7d2dc893a1 (webtiles) character file.

Game seed: 1046037815938589737

1844 sahdkjhfkaj the Grappler (level 8, -11/87 HPs)
             Began as a Troll Berserker on Dec 21, 2020.
             Was a Believer of Trog.
             Mangled by a death yak (19 damage)
             ... on level 7 of the Dungeon.
             The game lasted 00:02:40 (1888 turns).

sahdkjhfkaj the Grappler (Troll Berserker)          Turns: 1888, Time: 00:02:40

Health: -11/87     AC:  7    Str: 26    XL:     8   Next: 88%
Magic:  7/7        EV: 10    Int:  3    God:    Trog [**....]
Gold:   166        SH:  0    Dex: 11    Spells: 7/7 levels left

rFire    . . .     SeeInvis .     - Unarmed
rCold    . . .     Faith    .   (no shield)
rNeg     . . .     Spirit   .   a - +1 animal skin
rPois    .         Reflect  .   (helmet restricted)
rElec    .         Harm     .   (no cloak)
rCorr    .         Rampage  .   (gloves unavailable)
Will     .....                  (boots unavailable)
Stlth    +.........             (no amulet)
HPRegen  0.64/turn              (no ring)
MPRegen  0.10/turn              (no ring)

@: no status effects
A: large, unfitting armour, claws 3, regeneration 1, shaggy fur 1, tough skin 3
a: Renounce Religion, Berserk, Trog's Hand


You were on level 7 of the Dungeon.
You worshipped Trog.
Trog was pleased with you.
You visited 1 branch of the dungeon, and saw 8 of its levels.

You collected 166 gold pieces.

Inventory:

Armour
 a - a +1 animal skin (worn)
Jewellery
 c - a +6 ring of intelligence {unknown}
Wands
 g - a wand of acid (6)
Scrolls
 f - a scroll of enchant weapon {unknown}
Potions
 d - a potion of curing {unknown}
 e - a potion of heal wounds
 h - a potion of lignification {unknown}


   Skills:
 + Level 7.3 Fighting
 - Level 2.4 Dodging
 + Level 8.7 Unarmed Combat


You had 7 spell levels left.
You didn't know any spells.
Your spell library was empty.

Dungeon Overview and Level Annotations

Branches:
Dungeon (8/15)             Temple (0/1) D:4
   Lair: D:8-11

Altars:
Ashenzari
Makhleb
Ru
Wu Jian
Yredelemnul

Annotations:
D:7 2 runed translucent doors, dillytodds's ghost, novice PaFi


Innate Abilities, Weirdness & Mutations

You are too large for most types of armour.
You have claws for hands.
Your natural rate of healing is unusually fast.
You are covered in fur. (AC +1)
You have extremely tough skin. (AC +3)


Message History

The yak barely misses you. The death yak gores you! x2
There is a stone staircase leading up, spattered with blood here.
The yak gores you. The death yak gores you. The orc hits you.
The death yak gores you!!
* * * LOW HITPOINT WARNING * * *
You climb upwards.
Level annotation: 2 runed translucent doors, dillytodds's ghost, novice PaFi
There is a stone staircase leading down, spattered with blood here.
Things that are here:
a +0 chain mail; a +0 club Unknown command.
As you read the scroll labelled ONIFAL BISTRA, it crumbles to dust.
It is a scroll of enchant armour.
Your +0 animal skin glows green for a moment.
The yak gores you!
* * * LOW HITPOINT WARNING * * *
The death yak gores you.
* * * LOW HITPOINT WARNING * * *
The orc closely misses you. The death yak gores you!!
You die...

### ####.# #.# #.#
#.# #.###
#...#####
###.#...##
##.....[## #
.###......Y@#.#
≈≈.$..÷......YoY.#
≈≈.............#.#
≈................#
.........#...#####
.......#######
....... ....... ##


You could see 2 death yaks, a yak and an orc.

Vanquished Creatures
  A death yak (D:7)
  Pikel (D:8)
  A yak (D:7)
  A sky beast (D:7)
  An ogre (D:5)
  2 ice beasts (D:5)
  A centaur (D:5)
  2 hounds (D:5)
  An orc wizard (D:5)
  2 worker ants
  An ufetubus (D:5)
  2 adder zombies
  3 leopard geckos (D:5)
  10 orcs
  2 ball pythons
  3 giant cockroaches
  2 gnoll zombies (D:3)
  A goblin (D:3)
  A hobgoblin (D:3)
  4 jackals (D:3)
  A kobold (D:3)
  A quokka (D:7)
  2 bats (D:3)
  3 frilled lizards
  2 quokka skeletons (D:7)
  2 rats
53 creatures vanquished.

Notes
Turn   | Place    | Note
-------+----------+-------------------------------------------
     0 | D:1      | sahdkjhfkaj the Troll Berserker began the quest for the
                  | Orb.
     0 | D:1      | Reached XP level 1. HP: 22/22 MP: 0/0
   148 | D:3      | Found a basalt altar of Yredelemnul.
   245 | D:3      | Found a broken altar of Ashenzari.
   272 | D:3      | Reached XP level 2. HP: 29/29 MP: 1/1
   272 | D:3      | Found a sacrificial altar of Ru.
   274 | D:3      | Found a burning altar of Makhleb.
   476 | D:4      | Found a staircase to the Ecumenical Temple.
   480 | D:4      | Found an ornate altar of the Wu Jian Council.
   565 | D:4      | Reached XP level 3. HP: 24/37 MP: 2/2
   647 | D:5      | Entered Level 5 of the Dungeon
   652 | D:5      | Noticed a centaur
   661 | D:5      | Killed a centaur
   662 | D:5      | Reached skill level 4 in Unarmed Combat
   662 | D:5      | Reached XP level 4. HP: 36/48 MP: 3/3
   668 | D:5      | Reached XP level 5. HP: 43/54 MP: 4/4
   708 | D:5      | Found a glowing drain.
   716 | D:5      | Reached ** piety under Trog
   731 | D:5      | Noticed an ogre
   739 | D:5      | Killed an ogre
   740 | D:5      | Reached skill level 5 in Unarmed Combat
   740 | D:5      | Reached XP level 6. HP: 26/63 MP: 5/5
   742 | D:5      | Noticed an ice beast
   762 | D:5      | Killed an ice beast
   882 | D:5      | Noticed an ice beast
   886 | D:5      | Killed an ice beast
  1107 | D:5      | Reached skill level 5 in Fighting
  1107 | D:5      | Reached skill level 6 in Unarmed Combat
  1107 | D:5      | Reached XP level 7. HP: 55/72 MP: 6/6
  1552 | D:7      | Found a large runed translucent door.
  1552 | D:7      | Found a large runed translucent door.
  1570 | D:7      | Noticed dillytodds's ghost (novice PaFi)
  1645 | D:8      | Noticed Pikel
  1647 | D:8      | Noticed a yak
  1650 | D:8      | Noticed a death yak
  1656 | D:8      | Noticed a yak
  1657 | D:8      | Killed Pikel
  1658 | D:8      | Reached skill level 7 in Unarmed Combat
  1658 | D:8      | Reached XP level 8. HP: 69/83 MP: 7/7
  1665 | D:8      | Noticed a death yak
  1757 | D:8      | Noticed a death yak
  1770 | D:7      | Killed a death yak
  1771 | D:7      | Reached skill level 8 in Unarmed Combat
  1888 | D:7      | Mangled by a death yak

Illustrated notes

Levels and vault maps discovered:
D:1:      lemuel_arrival_funnel, layout_loops_corners,
          minmay_misc_feat_ornament, grunt_decor_junction
D:2:      layout_basic, marbit_many_paths
D:3:      layout_loops_corners, nicolae_overflow_crystal_walls,
          lemuel_zombie_altar_yredelemnul, nicolae_overflow_hidden_temple
D:4:      layout_cave_pods, lemuel_crystal_altar, minitemple,
          minmay_temple_entry_water_ring
D:5:      layout_layer_cave, basic_altar, portal_sewer_entry_f,
          chequers_serial_rivers_room_a, serial_park_tiny_1
D:6:      layout_loops_corners, kennysheep_mini
D:7:      layout_loops_ring, grunt_dithmenos_shadows,
          ebering_ghost_disaster_area, serial_shops, nicolae_shop_waterfront,
          uniq_duvessa
D:8:      layout_layer_cave, fedhas_altar_2, okawaru_altar_gauntlet_db,
          zin_scriptorium, dpeg_lair_monsters, basic_altar, serial_shops,
          nicolae_shop_statue_plus, enter_ossuary_4, uniq_pikel

Skill      XL: |  1  2  3  4  5  6  7  8 |
---------------+-------------------------+-----
Fighting       | 3 4 5 6 7 |  7.3
Unarmed Combat | 4 5 6 7 8 |  8.7
Dodging        | |  2.4

Action                   |  1- 3 |  4- 6 |  7- 9 || total
-------------------------+-------+-------+-------++-------
Melee: Unarmed           |    45 |    59 |    82 ||   186
       Punch             |     1 |     2 |     3 ||     6
Invok: Berserk           |     2 |     1 |     2 ||     5
  Use: Scroll            |       |       |     5 ||     5
       Potion            |       |       |     1 ||     1
Armor: Animal skin       |    16 |    31 |    30 ||    77
Dodge: Dodged            |    19 |    37 |    47 ||   103

Table legend: (Time is in decaauts)
 A = Elapsed time spent in this place.
 B = Non-inter-level travel time spent in this place.
 C = Inter-level travel time spent in this place.
 D = Time resting spent in this place.
 E = Time spent auto-exploring this place.
 F = Levels seen in this place.
 G = Mean time per level.
                   A        B        C        D        E       F      G
               +--------+--------+--------+--------+--------+-----+--------+
         Total |   1914 |   1861 |     53 |    258 |   1213 |   8 |  239.2 |
       Dungeon |   1914 |   1861 |     53 |    258 |   1213 |   8 |  239.2 |
               +--------+--------+--------+--------+--------+-----+--------+

Top non-repeatable levels by time:
     D:5: 715 daAuts
     D:3: 374 daAuts
     D:7: 323 daAuts
     D:6: 191 daAuts
     D:4: 184 daAuts
     D:1: 56 daAuts
     D:2: 40 daAuts
     D:8: 27 daAuts
